 Dungeon Crawl Stone Soup version 0.18.1-48-g4cf74bf (webtiles) character file.

410 Heedrag the Conjurer (level 6, -9/32 HPs)
             Began as a Deep Elf Conjurer on Aug 12, 2016.
             Was an Initiate of Vehumet.
             Shot with an arrow by a centaur (11 damage)
             ... on level 5 of the Dungeon on Aug 13, 2016.
             The game lasted 00:08:29 (3468 turns).

Heedrag the Conjurer (Deep Elf Conjurer)            Turns: 3468, Time: 00:08:30

Health: -9/32      AC:  4    Str:  7    XL:     6   Next: 58%
Magic:  5/16       EV: 13    Int: 20    God:    Vehumet [......]
Gold:   287        SH:  0    Dex: 15    Spells: 4 memorised, 3 levels left

rFire  . . .     SeeInvis .     y - +0 dagger (venom)
rCold  . . .     Gourm    .     a - +0 robe
rNeg   . . .     Faith    .     (no shield)
rPois  .         Spirit   .     (no helmet)
rElec  .         Dismiss  .     x - +0 cloak
rCorr  .         Reflect  .     j - +0 pair of gloves
SustAt .         Harm     .     (no boots)
MR     .....                    F - amulet of regeneration
Stlth  +++.......               (no ring)
                                h - ring of stealth

@: very slightly contaminated, not resistant to hostile enchantments, fairly
stealthy
A: no striking features
a: Renounce Religion


You were on level 5 of the Dungeon.
You worshipped Vehumet.
Vehumet was noncommittal.
You were not hungry.

You visited 1 branch of the dungeon, and saw 5 of its levels.

You collected 287 gold pieces.

Inventory:

Hand Weapons
 f - a +0 spear
 w - a +2 quarterstaff of chaos
 y - a +0 dagger of venom (weapon)
Armour
 a - a +0 robe (worn)
 j - a +0 pair of gloves (worn)
 x - a +0 cloak (worn)
Jewellery
 h - a ring of stealth (left hand)
 F - an amulet of regeneration (around neck)
Wands
 E - a wand of flame (11/48)
Scrolls
 d - 2 scrolls of enchant armour {unknown}
 e - a scroll of recharging {unknown}
 i - a scroll of fear {unknown}
 l - 2 scrolls of remove curse {unknown}
 n - a scroll of identify {unknown}
 o - a scroll of immolation {unknown}
 q - a scroll of teleportation {unknown}
 t - a scroll of blinking {unknown}
 u - a scroll of fog {unknown}
 D - a scroll of amnesia {unknown}
Potions
 k - 2 potions of might {unknown}
 m - 2 potions of heal wounds {unknown}
 p - a potion of mutation {unknown}
 s - 2 potions of ambrosia {unknown}
 z - a potion of cancellation {unknown}
 A - 2 potions of berserk rage {unknown}
 B - 2 potions of degeneration {unknown}
 H - a potion of curing {unknown}
Books
 b - a book of Conjurations

   Spells                             Type                      Level
   a - Magic Dart                     Conjuration                  1
   b - Searing Ray                    Conjuration                  2
   c - Dazzling Spray                 Conjuration/Hexes            3
   d - Fulminant Prism                Conjuration/Hexes            4
   e - Iskenderun's Mystic Blast      Conjuration                  4
   f - Iskenderun's Battlesphere      Conjuration/Charms           5
Comestibles
 c - 8 bread rations
 g - a royal jelly
 r - 3 meat rations
 v - 2 slices of pizza
 C - 5 fruits


   Skills:
 - Level 2.4 Dodging
 - Level 2.4 Stealth
 + Level 5.8 Spellcasting
 * Level 7.3 Conjurations
 + Level 2.6 Charms


You had 3 spell levels left.
You knew the following spells:

 Your Spells              Type           Power        Failure   Level  Hunger
a - Magic Dart            Conj           ####         1%          1    None
b - Dazzling Spray        Conj/Hex       ###...       10%         3    ##.....
c - Iskenderun's Mystic   Conj           #####...     8%          4    ####...
d - Iskenderun's Battles  Conj/Chrm      ####....     45%         5    #####..


Dungeon Overview and Level Annotations

Branches:
Dungeon (5/15)             Temple (0/1) D:5

Altars:
Okawaru
Ru
Vehumet

Annotations:
D:4 dvd's ghost, novice GrGl


Message History

Ye see 'ere 2 arrows.
Castin': Magic Dart Confirm wit' . or Enter, or press ? or * ta list all spells.
Tha spell be very dangerous ta cast!
Continue anyway?
Ye miscast Iskenderun's Battlesphere.
Ye be very lightly contaminated wit' residual magic.
Yer +0 dagger o' venom glows brilliant purple fer a momn't.
Tha centaur shoots an arrow.
Tha arrow hits ye.
* * * LOW HITPOINT WARNIN'
* * * Tha arrow freezes ye.
* * * LOW HITPOINT WARNIN'
* * * Tha centaur shoots an arrow.
Tha arrow barely misses ye.
Ye see 'ere an arrow.
Tha centaur shoots an arrow.
Tha arrow hits ye.
* * * LOW HITPOINT WARNIN'
* * * Tha arrow freezes ye.
* * * LOW HITPOINT WARNIN'
* * * Ye see 'ere an arrow.
Tha centaur shoots an arrow.
Tha arrow hits ye!
Ye die...

##.......# #..#.#.....#
#.#._.#.###.c(...#
#........##(##....?#
#...#....##.##.#.#....
#........##.##.....#.#
###.#+.#.##.####.....#
#.)..#.##.# .#.#.# ###)##.##(#
... # ########'##..#@# ####
#.........##.#.#
#.....)...##...#
#.........'....#
#.........##..>#
#.........##.#.#
#.........##.#.#
#...[.....##.#.###############
#.........##.................##


You could see a centaur.

Vanquished Creatures
  A scorpion (D:4)
  A howler monkey (D:5)
  A hound (D:5)
  An orc priest (D:5)
  3 orc wizards
  Crazy Yiuf (D:3)
  2 worker ants (D:4)
  A killer bee zombie (D:5)
  An ooze (D:2)
  A worm (D:3)
  A dart slug (D:1)
  3 giant geckos
  9 orcs
  4 bats
  2 giant cockroaches (D:3)
  7 goblins
  6 hobgoblins
  6 jackals (D:3)
  8 kobolds
  2 ball pythons
  3 giant newts
  6 rats
70 creatures vanquished.

Notes
Turn   | Place    | Note
--------------------------------------------------------------
     0 | D:1      | Heedrag the Deep Elf Conjurer began the quest for the Orb.
     0 | D:1      | Reached XP level 1. HP: 10/10 MP: 6/6
    50 | D:1      | Found an iron altar of Okawaru.
   280 | D:1      | Reached XP level 2. HP: 15/15 MP: 2/8
   691 | D:2      | Found a sacrificial altar of Ru.
   879 | D:2      | Reached skill level 5 in Conjurations
  1215 | D:2      | Reached XP level 3. HP: 19/19 MP: 3/10
  1220 | D:2      | Learned a level 3 spell: Dazzling Spray
  2015 | D:3      | Noticed Crazy Yiuf
  2020 | D:3      | Killed Crazy Yiuf
  2020 | D:3      | Reached XP level 4. HP: 24/24 MP: 0/12
  2143 | D:3      | Learned a level 4 spell: Iskenderun's Mystic Blast
  2462 | D:4      | Reached skill level 6 in Conjurations
  2600 | D:4      | Reached skill level 5 in Spellcasting
  2600 | D:4      | Reached XP level 5. HP: 28/28 MP: 1/14
  2645 | D:4      | Noticed dvd's ghost (novice GrGl)
  2726 | D:4      | Learned a level 5 spell: Iskenderun's Battlesphere
  2834 | D:4      | Reached skill level 1 in Charms
  2846 | D:5      | Entered Level 5 of the Dungeon
  2846 | D:5      | Found a radiant altar of Vehumet.
  3073 | D:5      | Became a worshipper of Vehumet
  3132 | D:5      | Reached XP level 6. HP: 19/32 MP: 5/16
  3223 | D:5      | Reached skill level 7 in Conjurations
  3378 | D:5      | Found a staircase to the Ecumenical Temple.
  3468 | D:5      | Shot with an arrow by a centaur

Skill      XL: |  1  2  3  4  5  6 |
---------------+-------------------+-----
Conjurations   | 5 6 7 |  7.3
Spellcasting   | 4 5 |  5.8
Charms         | 1 2 |  2.6
Dodging        | |  2.4
Stealth        | |  2.4

Action                   |  1- 3 |  4- 6 || total
-------------------------+-------+-------++-------
Melee: Spear             |     1 |       ||     1
       Quarterstaff      |       |     9 ||     9
       Dagger            |       |     7 ||     7
 Cast: Magic Dart        |    89 |    85 ||   174
       Dazzling Spray    |     1 |     2 ||     3
  Eat: Chunk             |     3 |     5 ||     8
Armor: Robe              |     1 |     9 ||    10
Dodge: Dodged            |     6 |    20 ||    26
